 Dungeon Crawl Stone Soup version 0.19-a0-1882-gbb73ea0 (webtiles) character file.

10178 Amnesiac the Destroyer (level 11, -10/113 HPs)
             Began as an Ogre Wizard on Oct 14, 2016.
             Was a High Priest of Sif Muna.
             Mangled by a manticore (11 damage)
             ... on level 11 of the Dungeon.
             The game lasted 00:22:27 (12860 turns).

Amnesiac the Destroyer (Ogre Wizard)               Turns: 12860, Time: 00:22:29

Health: -10/113    AC:  3    Str: 16    XL:     11   Next: 58%
Magic:  2/24       EV: 12    Int: 20    God:    Sif Muna [*****.]
Gold:   993        SH:  0    Dex:  8    Spells: 6 memorised, 14 levels left

rFire  + . .     SeeInvis .     o - +2 short sword (venom)
rCold  . . .     Gourm    .     a - +0 robe
rNeg   . . .     Faith    .     (no shield)
rPois  .         Spirit   .     b - +0 hat
rElec  .         Dismiss  .     (no cloak)
rCorr  .         Reflect  .     (gloves unavailable)
MR     +....     Harm     .     (boots unavailable)
Stlth  +.........               (no amulet)
                                (no ring)
                                j - ring of protection from fire

@: barbed spikes, repel missiles, divine energy
A: unfitting armour, strong 1, tough skin 1
a: Stop Divine Energy, Channel Magic, Forget Spell, Renounce Religion


You were on level 11 of the Dungeon.
You worshipped Sif Muna.
Sif Muna was extremely pleased with you.
You were not hungry.

You visited 2 branches of the dungeon, and saw 12 of its levels.
You also visited: Sewer and Ossuary.

You collected 993 gold pieces.

Inventory:

Hand Weapons
 g - a +0 triple crossbow
 l - a +1 dagger of venom
 o - a +2 short sword of venom (weapon)
 B - a +0 glaive
Missiles
 k - 4 javelins (quivered)
Armour
 a - a +0 robe (worn)
 b - a +0 hat (worn)
Jewellery
 j - a ring of protection from fire (left hand)
 K - an uncursed ring of protection from cold {unknown}
Wands
 f - a wand of lightning (6/15)
 q - a wand of confusion (13/48)
 t - a wand of slowing (20/48)
 z - a wand of iceblast (10/15)
 A - a wand of paralysis (9/24)
 D - a wand of flame (24/48)
 E - a wand of iceblast (9/15)
Scrolls
 e - a scroll of recharging {unknown}
 h - a scroll of vulnerability {unknown}
 i - 14 scrolls of identify {unknown}
 p - a scroll of enchant weapon {unknown}
 r - 6 scrolls of teleportation
 s - 2 scrolls of fear {unknown}
 u - 4 scrolls of remove curse
 y - 3 scrolls of magic mapping {unknown}
 F - 2 scrolls of amnesia {unknown}
 H - 2 scrolls of fog {unknown}
 I - 5 scrolls of noise
 L - 2 scrolls of enchant armour {unknown}
 T - 2 scrolls of silence {unknown}
 U - a scroll of immolation {unknown}
Potions
 m - 5 potions of invisibility
 n - 4 potions of might {unknown}
 w - 3 potions of heal wounds {unknown}
 C - a potion of haste {unknown}
 G - 2 potions of mutation {unknown}
 J - a potion of beneficial mutation {unknown}
 M - 2 potions of cure mutation {unknown}
 N - 2 potions of brilliance {unknown}
 O - a potion of degeneration {unknown}
 P - a potion of cancellation {unknown}
 Q - a potion of resistance {unknown}
 R - 4 potions of flight {unknown}
 S - 3 potions of berserk rage {unknown}
 X - 3 potions of lignification {unknown}
Books
 c - a book of Minor Magic

   Spells                             Type                      Level
   a - Magic Dart                     Conjuration                  1
   b - Blink                          Translocation                2
   c - Call Imp                       Summoning                    2
   d - Repel Missiles                 Charms/Air                   2
   e - Slow                           Hexes                        2
   f - Conjure Flame                  Conjuration/Fire             3
   g - Mephitic Cloud                 Conjuration/Poison/Air       3
 v - a book of Conjurations

   Spells                             Type                      Level
   a - Magic Dart                     Conjuration                  1
   b - Searing Ray                    Conjuration                  2
   c - Dazzling Spray                 Conjuration/Hexes            3
   d - Fulminant Prism                Conjuration/Hexes            4
   e - Iskenderun's Mystic Blast      Conjuration                  4
   f - Iskenderun's Battlesphere      Conjuration/Charms           5
 x - a book of Maledictions

   Spells                             Type                      Level
   a - Corona                         Hexes                        1
   b - Ensorcelled Hibernation        Hexes/Ice                    2
   c - Confuse                        Hexes                        3
   d - Tukima's Dance                 Hexes                        3
   e - Dazzling Spray                 Conjuration/Hexes            3
 V - a book of Alchemy

   Spells                             Type                      Level
   a - Sublimation of Blood           Necromancy                   2
   b - Ignite Poison                  Fire/Transmutation/Poison    3
   c - Petrify                        Transmutation/Earth          4
   d - Alistair's Intoxication        Transmutation/Poison         5
   e - Irradiate                      Conjuration/Transmutation    5
Comestibles
 d - 5 bread rations
 W - a meat ration


   Skills:
 - Level 8.6 Fighting
 - Level 6.4 Dodging
 - Level 1.4 Stealth
 + Level 9.5 Spellcasting
 * Level 10.0 Conjurations
 - Level 0.6 Summonings
   Level 0.6 Translocations


You had 14 spell levels left.
You knew the following spells:

 Your Spells              Type           Power        Failure   Level  Hunger
a - Repel Missiles        Chrm/Air       #.....       14%         2    None
d - Call Imp              Summ           ##......     10%         2    None
e - Mephitic Cloud        Conj/Pois/Air  ###.....     8%          3    None
f - Iskenderun's Mystic   Conj           #####...     1%          4    ##.....
s - Conjure Flame         Conj/Fire      ####....     3%          3    None
z - Magic Dart            Conj           ####         1%          1    None


Dungeon Overview and Level Annotations

Branches:
Dungeon (11/15)            Temple (1/1) D:6            Lair (0/6) D:10
    Orc: D:9-12

Altars:
Ashenzari
Dithmenos
Elyvilon
Fedhas
Gozag
Hepliaklqana
Kikubaaqudgha
Nemelex Xobeh
Ru
Sif Muna
Trog
Uskayaw
Vehumet
Xom
Yredelemnul
Zin


Innate Abilities, Weirdness & Mutations

You are too large for most types of armour.
You have tough skin. (AC +1)
Your muscles are strong. (Str +2)


Message History

The manticore is moderately wounded.
You regain access to your magic.
The manticore is engulfed in roaring flames.
The manticore bites you! The manticore claws you! x2
The kobold barely misses you.
The manticore is engulfed in roaring flames.
The manticore bites you!
* * * LOW HITPOINT WARNING * * *
The manticore closely misses you. The manticore claws you!
* * * LOW HITPOINT WARNING * * *
You hit the manticore.
The manticore looks as sick as possible!
The manticore is severely wounded.
The kobold hits you but does no damage.
The manticore is engulfed in roaring flames.
The manticore bites you!!
* * * LOW HITPOINT WARNING * * *
The manticore claws you but does no damage.
The manticore claws you!
You die...

(................
.............≈.....
............≈≈≈.....
...........≈≈≈≈≈........
.%........≈≈≈≈≈≈≈.......
.≈.........≈≈≈≈≈........
≈≈≈.........≈≈≈.........
≈≈≈≈....K....≈..........
≈≈≈≈≈..@H...............
≈≈≈≈....................
≈≈≈..................(..
.≈...................≈..
.[...............)..≈≈≈.
...................≈≈≈≈≈
.........<.......)≈≈≈≈≈≈
.................(.≈≈≈≈≈
...................≈≈≈.


You could see a manticore and a kobold.

Vanquished Creatures
  A catoblepas (D:11)
  3 hill giants (D:10)
  An ugly thing (D:10)
  A troll (D:9)
  Prince Ribbit (D:8)
  Grinder (D:3)
  A hornet (D:10)
  A two-headed ogre (D:9)
  2 hippogriffs (D:10)
  3 yaks
  A wraith (D:10)
  2 hungry ghosts
  Grum (D:8)
  A mottled dragon (D:10)
  2 water moccasins
  2 orc warriors
  Duvessa (D:7)
  Purgy (Sewer)
  A black bear (D:7)
  2 necrophages
  2 phantoms
  3 sky beasts
  An ice beast (D:6)
  5 ogres
  3 centaurs
  2 wolves (D:8)
  2 crocodiles (D:10)
  A big kobold (D:11)
  3 bullfrogs
  2 gnoll sergeants
  A water moccasin zombie (D:7)
  Dowan (D:7)
  A scorpion (D:10)
  7 killer bees
  An electric eel (D:11)
  2 howler monkeys (D:10)
  7 crimson imps
  A quasit (D:8)
  3 hounds
  An orc priest (D:9)
  3 bullfrog skeletons
  A jelly (D:5)
  5 orc wizards
  3 centaur skeletons
  6 iguanas
  7 worker ants
  A hound zombie (D:8)
  A hound skeleton (D:8)
  8 mummies (Ossuary)
  A worker ant zombie (D:10)
  8 gnolls
  A howler monkey skeleton (D:9)
  7 adders
  A shadow imp (D:9)
  An ooze (D:1)
  An adder skeleton (D:8)
  3 worms
  8 leopard geckos
  8 orcs
  6 bats
  9 giant cockroaches
  3 gnoll zombies (Ossuary)
  4 goblins (D:1)
  9 hobgoblins
  2 jackals (D:3)
  15 kobolds
  3 quokkas
  A ball python (D:4)
  5 frilled lizards
  A jackal skeleton (D:7)
  2 kobold zombies (Ossuary)
  3 orc zombies (Ossuary)
  A quokka skeleton (D:4)
  A quokka zombie (D:6)
  12 rats
229 creatures vanquished.

Vanquished Creatures (collateral kills)
  A phantom (D:6)
  An adder (D:3)
  A worm (D:2)
3 creatures vanquished.

Vanquished Creatures (others)
  4 toadstools (D:1)
4 creatures vanquished.

Grand Total: 236 creatures vanquished

Notes
Turn   | Place    | Note
-------+----------+-------------------------------------------
     0 | D:1      | Amnesiac the Ogre Wizard began the quest for the Orb.
     0 | D:1      | Reached XP level 1. HP: 16/16 MP: 5/5
    68 | D:1      | Reached skill level 1 in Fighting
   109 | D:1      | Reached XP level 2. HP: 18/27 MP: 0/6
   170 | D:1      | Learned a level 2 spell: Call Imp
   620 | D:2      | Reached XP level 3. HP: 35/35 MP: 5/8
   639 | D:2      | Learned a level 3 spell: Mephitic Cloud
   643 | D:2      | Learned a level 3 spell: Conjure Flame
   717 | D:3      | Noticed Grinder
  1136 | D:3      | Found a shattered altar of Ashenzari.
  1148 | D:3      | Reached XP level 4. HP: 40/44 MP: 2/10
  1152 | D:3      | Learned a level 2 spell: Repel Missiles
  1287 | D:3      | Found a glowing drain.
  1305 | Sewer    | Entered a sewer
  1416 | Sewer    | Noticed Purgy
  1426 | Sewer    | Killed Purgy
  1426 | Sewer    | Reached XP level 5. HP: 53/55 MP: 7/11
  1742 | D:4      | Reached XP level 6. HP: 53/65 MP: 12/12
  1806 | D:4      | Noticed a phantom
  1849 | D:4      | Killed a phantom
  1849 | D:4      | Reached skill level 5 in Fighting
  2261 | D:5      | Entered Level 5 of the Dungeon
  2410 | D:5      | Noticed a water moccasin
  2414 | D:5      | Killed a water moccasin
  2414 | D:5      | Reached XP level 7. HP: 58/75 MP: 9/13
  2604 | D:5      | Reached skill level 5 in Dodging
  3388 | D:6      | Found a glowing silver altar of Zin.
  3547 | D:6      | Reached XP level 8. HP: 43/88 MP: 5/14
  4254 | D:6      | Found a staircase to the Ecumenical Temple.
  4263 | Temple   | Entered the Ecumenical Temple
  4273 | Temple   | Became a worshipper of Sif Muna the Loreminder
  4926 | D:3      | Reached skill level 1 in Conjurations
  4946 | D:3      | Killed Grinder
  4946 | D:3      | Reached skill level 2 in Conjurations
  5009 | D:3      | Learned a level 4 spell: Iskenderun's Mystic Blast
  5481 | D:6      | Reached skill level 3 in Conjurations
  5650 | D:6      | Reached * piety under Sif Muna
  5914 | D:7      | Found a sand-covered staircase.
  5978 | D:7      | Reached skill level 4 in Conjurations
  5978 | D:7      | Reached XP level 9. HP: 34/97 MP: 15/15
  6172 | Ossuary  | Entered an ossuary
  7153 | D:7      | Reached skill level 5 in Conjurations
  7262 | D:7      | Noticed Dowan
  7278 | D:7      | Killed Dowan
  7294 | D:7      | Noticed Duvessa
  7324 | D:7      | Killed Duvessa
  7324 | D:7      | Reached ** piety under Sif Muna
  7341 | D:7      | Reached skill level 5 in Spellcasting
  7496 | D:8      | Noticed Grum
  7631 | D:8      | Noticed Prince Ribbit
  7648 | D:8      | Killed Prince Ribbit
  7702 | D:8      | Reached skill level 6 in Conjurations
  8135 | D:8      | Killed Grum
  8294 | D:8      | Reached *** piety under Sif Muna
  8294 | D:8      | Reached XP level 10. HP: 74/106 MP: 1/19
  8720 | D:8      | Reached skill level 7 in Conjurations
  8930 | D:9      | HP: 2/106 [killer bee (4)]
 10217 | D:10     | Entered Level 10 of the Dungeon
 10477 | D:10     | Reached **** piety under Sif Muna
 10683 | D:10     | Reached skill level 8 in Conjurations
 10773 | D:10     | Found a staircase to the Lair.
 10938 | D:10     | Noticed a purple ugly thing
 10948 | D:10     | Killed a purple ugly thing
 11069 | D:10     | Gained mutation: Your muscles are strong. (Str +2) [mutagenic meat]
 11245 | D:10     | Noticed a hill giant
 11253 | D:10     | Noticed a hill giant
 11258 | D:10     | Noticed a hill giant
 11285 | D:10     | Killed a hill giant
 11285 | D:10     | Reached XP level 11. HP: 113/113 MP: 0/23
 11327 | D:10     | Killed a hill giant
 11327 | D:10     | Reached skill level 9 in Conjurations
 11344 | D:10     | Killed a hill giant
 11524 | D:10     | Reached ***** piety under Sif Muna
 11559 | D:10     | Received a gift from Sif Muna
 12740 | D:11     | Noticed a catoblepas
 12843 | D:11     | Killed a catoblepas
 12843 | D:11     | Reached skill level 10 in Conjurations
 12844 | D:11     | Noticed a manticore
 12860 | D:11     | HP: 1/113 [manticore (18)]
 12860 | D:11     | Mangled by a manticore

Vault maps used:
D:1:      ldierk_water_garden
D:2:      st_stairs_9
D:3:      portal_sewer_entry_d, first_bread, ashenzari_altar_1, uniq_grinder
D:4:      kennysheep_small_circle
D:5:      lightli_minifort
D:6:      basic_altar
D:7:      enter_ossuary_2, uniq_duvessa
D:8:      uniq_prince_ribbit1, uniq_grum
D:10:     erik_lair_dragon
D:11:     grunt_ministairs_14
Temple:   dpeg_three_leaves_temple
Sewer:    kennysheep_door_sewer
Ossuary:  ossuary_tomb_3

Skill      XL: |  1  2  3  4  5  6  7  8  9 10 11 |
---------------+----------------------------------+-----
Fighting       | 1 2 4 6 7 8 |  8.6
Dodging        | 2 3 4 5 6 |  6.4
Spellcasting   | 4 6 8 9 |  9.5
Conjurations   | 4 6 8 10 | 10.0
Stealth        | |  1.4
Summonings     | |  0.6
Translocations | |  0.6

Action                   |  1- 3 |  4- 6 |  7- 9 | 10-12 || total
-------------------------+-------+-------+-------+-------++-------
Melee: Unarmed           |    15 |       |       |       ||    15
       Dagger            |    43 |    37 |       |       ||    80
       Short sword       |     4 |    31 |   410 |    86 ||   531
 Cast: Magic Dart        |    59 |    13 |    92 |     5 ||   169
       Call Imp          |     3 |     3 |     5 |       ||    11
       Mephitic Cloud    |       |     3 |     6 |     1 ||    10
       Repel Missiles    |       |     1 |     1 |     3 ||     5
       Conjure Flame     |       |     2 |     9 |    10 ||    21
       Iskenderun's Myst |       |       |    42 |   149 ||   191
Invok: Divine Energy     |       |       |     1 |       ||     1
  Use: Potion            |     1 |       |     1 |     4 ||     6
       Scroll            |       |       |     3 |       ||     3
 Stab: Sleeping          |     2 |       |     1 |     1 ||     4
       Confused          |       |     1 |     1 |       ||     2
       Distracted        |       |       |     1 |       ||     1
  Eat: Chunk             |       |     5 |    16 |    15 ||    36
       Meat ration       |       |       |     2 |     1 ||     3
       Royal jelly       |       |       |     2 |     1 ||     3
       Pizza             |       |       |     1 |     1 ||     2
       Beef jerky        |       |       |       |     2 ||     2
       Bread ration      |       |       |       |     1 ||     1
Armor: Robe              |    24 |     9 |    66 |    25 ||   124
Dodge: Dodged            |    55 |    38 |   221 |   117 ||   431
       Deflected         |       |     1 |     2 |     4 ||     7
